 Dungeon Crawl Stone Soup version 0.31-a0-187-gba352fbbf7 (webtiles) character file.

Game seed: 11060315000784046742

90 qw the Shooter (level 4, 0/25 HPs)
             Began as a Deep Elf Hunter on June 22, 2023.
             Slain by an orc
             ... wielding a +0 hand axe
              (3 damage)
             ... on level 3 of the Dungeon.
             The game lasted 00:00:37 (1643 turns).

qw the Shooter (Deep Elf Hunter)                    Turns: 1643, Time: 00:00:37

Health: 0/25       AC:  6    Str: 10    XL:     4   Next: 32%
Magic:  6/6        EV: 11    Int: 14    God:
Gold:   15         SH:  0    Dex: 18    Spells: 3/3 levels left

rFire   . . .        Y - +0 shortbow
rCold   . . .        (shield currently unavailable)
rNeg    . . .        a - +0 ring mail
rPois   .            (no helmet)
rElec   .            c - +0 cloak
rCorr   .            (no gloves)
SInv    .            (no boots)
Will    .....        (no amulet)
Stlth   +            (no ring)
HPRegen 0.24/turn    (no ring)
MPRegen 0.10/turn

%: no passive effects
@: no status effects
A: no striking features
a: no special abilities


You were on level 3 of the Dungeon.
You visited 1 branch of the dungeon, and saw 3 of its levels.

You collected 60 gold pieces.
You spent 45 gold pieces at shops.


   Skills:
 - Level 1.5 Fighting
 + Level 7.7 Ranged Weapons
 - Level 2.4 Dodging
 - Level 1.2 Stealth


You had 3 spell levels left.
You didn't know any spells.
Your spell library was empty.

Inventory:

Hand Weapons
 Y - a +0 shortbow (weapon)
Armour
 a - a +0 ring mail (worn)
 c - a +0 cloak (worn)
Potions
 d - a potion of magic {unknown}
 e - a potion of resistance {unknown}
 f - 2 potions of curing {unknown}

Dungeon Overview and Level Annotations

Branches:
Dungeon (3/15)

Altars:
Kikubaaqudgha
Vehumet

Shops:
D:1 *   D:2 [


Message History

You hear a shout! x2
An orc comes into view. It is wielding a +0 hand axe.
An orc comes into view. It is wielding a +0 flail.
The orc shouts!
You shoot an arrow.
The arrow hits the orc but does no damage.
You shoot an arrow. The arrow hits the orc.
The orc is almost dead.
An orc comes into view. It is wielding a +0 dagger.
You shoot an arrow. The arrow closely misses the orc.
The orc hits you but does no damage. The orc closely misses you.
You shoot an arrow. The arrow completely misses the orc.
The orc closely misses you. The orc barely misses you.
The orc closely misses you.
You shoot an arrow. The arrow hits the orc.
You kill the orc!
The orc closely misses you. The orc completely misses you.
The orc hits you but does no damage. x2; The orc barely misses you.
You shoot an arrow. The arrow barely misses the orc.
The arrow hits the orc.
The orc is heavily wounded.
The orc hits you with a +0 flail. The orc closely misses you.
The orc hits you but does no damage.
You shoot an arrow. The arrow hits the orc!
You kill the orc!
The orc hits you with a +0 flail. The orc hits you with a +0 hand axe.
You shoot an arrow. The arrow closely misses the orc.
The orc hits you but does no damage. The orc closely misses you.
The orc hits you but does no damage.
You shoot an arrow. The arrow hits the orc.
You kill the orc!
The orc hits you with a +0 flail. The orc hits you but does no damage.
You shoot an arrow. The arrow completely misses the orc.
The orc hits you with a +0 flail. The orc closely misses you.
You shoot an arrow. The arrow hits the orc.
The orc is lightly wounded.
The orc barely misses you. The orc hits you but does no damage.
The orc hits you with a +0 flail! The orc barely misses you.
You shoot an arrow. The arrow closely misses the orc.
The orc hits you but does no damage. The orc hits you with a +0 hand axe.
You die...

#.# #.#
#.# # #
.#. #.#
#.##o##.#
#...@)..#
###.#o..#
## ##.# #


You could see 2 orcs.

Vanquished Creatures
  2 adders (D:2)
  4 dart slugs
  3 orcs (D:3)
  6 ball pythons
  4 bats
  6 endoplasms
  3 giant cockroaches
  3 goblins
  6 hobgoblins
  5 jackals
  2 quokkas
  2 frilled lizards
  4 kobolds
  6 rats
56 creatures vanquished.

Notes
Turn   | Place    | Note
-------+----------+-------------------------------------------
     0 | D:1      | qw the Deep Elf Hunter began the quest for the Orb.
     0 | D:1      | Reached XP level 1. HP: 12/12 MP: 3/3
     0 | D:1      | 0 ||| qw: Version: 0.3-a-9-g12657ce
     0 | D:1      | 0 ||| qw: Game counter: 2249
     0 | D:1      | 0 ||| qw: Always use a shield: true
     0 | D:1      | 0 ||| qw: God list: Okawaru
     0 | D:1      | 0 ||| qw: Allow faded altars: false
     0 | D:1      | 0 ||| qw: Do Orc after D:15 true
     0 | D:1      | 0 ||| qw: Do second Lair branch before Depths: true
     0 | D:1      | 0 ||| qw: Lair rune preference: random
     0 | D:1      | 0 ||| qw: Plans: Normal
     0 | D:1      | 0 ||| PLANNING D:1-11
    47 | D:1      | Reached XP level 2. HP: 13/16 MP: 4/4
    91 | D:1      | Reached skill level 6 in Ranged Weapons
   263 | D:1      | Found Kegun's General Store.
   273 | D:1      | 273 ||| SHOPLISTING +0 ring mail (56 gold, have 39).
   273 | D:1      | 273 ||| SHOPLISTING +0 scale mail (56 gold, have 39).
   273 | D:1      | 273 ||| SHOPLISTING potion of might (56 gold, have 39).
   401 | D:1      | Reached XP level 3. HP: 20/20 MP: 5/5
   624 | D:1      | 624 ||| READING scroll labelled GOOQEH SEKHLIL.
   625 | D:1      | 625 ||| DROPPING scroll of butterflies.
   729 | D:2      | Reached skill level 7 in Ranged Weapons
   755 | D:2      | Found Ranit's Armour Shoppe.
   765 | D:2      | 765 ||| UPGRADING to +0 ring mail.
   775 | D:2      | 775 ||| DROPPING +0 leather armour.
   778 | D:2      | 778 ||| BUYING +0 cloak (45 gold).
   778 | D:2      | Bought a +0 cloak for 45 gold pieces
   778 | D:2      | 778 ||| SHOPLISTING +1 cloak of stealth (165 gold, have
                  | 15).
   778 | D:2      | 778 ||| SHOPLISTING +3 ring mail of poison resistance (230
                  | gold, have 15).
   778 | D:2      | 778 ||| SHOPLISTING +5 ring mail of Teagull {Str+7 Slay+2}
                  | (591 gold, have 15).
   778 | D:2      | 778 ||| UPGRADING to +0 cloak.
   918 | D:2      | Reached XP level 4. HP: 25/25 MP: 6/6
  1059 | D:2      | 1059 ||| Stepping ~*~*~tactically~*~*~ (outnumbered).
  1337 | D:2      | 1337 ||| READING scroll labelled TICOAKH KECYSS.
  1625 | D:3      | Found a radiant altar of Vehumet.
  1625 | D:3      | Found an ancient bone altar of Kikubaaqudgha.
  1626 | D:3      | 1626 ||| READING scroll labelled KADDES MOW XUBB.
  1642 | D:3      | HP: 3/25 [orc/+0 flail (8)]
  1643 | D:3      | Slain by an orc

Levels and vault maps discovered:
D:1:      zelgadis_glass_arrival_small, layout_loops_ring, serial_shops, shop
D:2:      layout_basic, serial_shops, nicolae_shop_hallway_plus, minmay_domino_4
D:3:      layout_loops_corners, grunt_temple_overflow_magic_moments,
          chequers_ecumenical_altar_simple, kennysheep_flooded_box

Skill      XL: |  1  2  3 |
---------------+----------+-----
Ranged Weapons | 6 7 |  7.7
Fighting       | |  1.5
Dodging        | |  2.4
Stealth        | |  1.2

Action                     |  1- 3 |  4- 6 || total
---------------------------+-------+-------++-------
   Fire: Shortbow          |    93 |    36 ||   129
    Use: Scroll            |     1 |     2 ||     3
 Armour: Leather armour    |     1 |       ||     1
         Ring mail         |     3 |    22 ||    25
  Dodge: Dodged            |    13 |    29 ||    42

Table legend:
 A = Non-vault XP
 B = Vault XP
 C = Vault XP percentage of total XP
 D = Non-vault monster count
 E = Vault monster count
 F = Vault count percentage of total count
                 A         B        C        D         E       F
            +---------+---------+-------+---------+---------+-------
      Total |     125 |       4 |   3.1 |      53 |       3 |   5.4
            +---------+---------+-------+---------+---------+-------
        D:1 |      47 |       0 |   0.0 |      26 |       0 |   0.0
        D:2 |      65 |       4 |   5.8 |      21 |       3 |  12.5
        D:3 |      13 |       0 |   0.0 |       6 |       0 |   0.0
            +---------+---------+-------+---------+---------+-------
